AoeStats
← Barón de la Cerveza

Golden Pit

507153718Analyzed
1v1 RM · 16d ago on Sep 16, 2026· 56m 48s· 2 players
Game mode
Random Map
Map size
Tiny (2 player)
Population
200
Speed
Normal
Resources
Standard
Victory
Conquest
Starting age
Dark Age
Ending age
Imperial Age
RankedLock teamsTeams togetherTeam positionsShared explorationLock speedFull tech treeHidden civsTurbo modeCheats
Victory
Defeat
🇲🇽 Chinese · Mexico
1962
+11
🇲🇽 Romans · Mexico
1852
-11
Barón de la Cerveza
6:09 Loom
8:33 Feudal Age
8:40 Man-at-Arms
10:51 Double-Bit Axe
15:32 Fletching
22:33 Castle Age
20:33 Gold Mining
21:16 Padded Archer Armor
22:44 Horse Collar
23:39 Bow Saw
38:27 Imperial Age
36:54 Wheelbarrow
38:48 Heavy Plow
40:32 Crop Rotation
42:36 Conscription
42:44 Scale Barding Armor
42:50 Forging
45:11 Light Cavalry
45:52 Husbandry
46:32 Bloodlines
47:37 Chain Barding Armor
47:17 Scale Mail Armor
51:16 Plate Barding Armor
VENÓN | AsMelodiant
0:26 Loom
9:15 Feudal Age
10:57 Double-Bit Axe
13:52 Fletching
20:54 Castle Age
19:53 Bloodlines
19:32 Horse Collar
20:42 Scale Barding Armor
21:22 Crossbowman
23:27 Town Watch
24:08 Bodkin Arrow
32:45 Bow Saw
32:36 Heavy Plow
38:54 Imperial Age
39:01 Capped Ram
40:11 Chain Barding Armor
42:00 Plate Barding Armor
42:00 Light Cavalry
44:16 Sanctity
44:16 Block Printing
46:56 Wheelbarrow
46:38 Devotion
47:36 Pikeman
49:37 Forging
50:23 Scale Mail Armor
53:36 Chain Mail Armor
56:04 Plate Mail Armor
Connection lost

Rejoining the realm…

Still unreachable

The connection could not be restored.

Session expired

The server has moved on; the page needs a fresh start.